AoeStats
← 变强先斩欲

Oasis

509322538Analyzed
3v3 RM · 5d ago on Sep 26, 2026· 36m 25s· 6 players
Game mode
Random Map
Map size
Normal (6 player)
Population
200
Speed
Normal
Resources
Standard
Victory
Conquest
Starting age
Dark Age
Ending age
Imperial Age
RankedLock teamsTeams togetherTeam positionsShared explorationLock speedFull tech treeHidden civsTurbo modeCheats
Victory
Defeat
🇦🇺 Sicilians · Australia
1000
+42
🇦🇺 Vietnamese · Australia
959
+16
🇨🇳 Britons · China
955
+16
🇦🇷 Japanese · Argentina
1030
-18
🇪🇸 Byzantines · Spain
926
-14
🇫🇷 Celts · France
913
-14
变强先斩欲
0:34 Loom
9:50 Feudal Age
10:21 Double-Bit Axe
19:01 Castle Age
17:53 Stone Mining
21:24 Bow Saw
30:40 Imperial Age
28:49 Wheelbarrow
29:13 Fletching
29:52 Hand Cart
29:50 Horse Collar
30:03 Gold Mining
31:47 Conscription
33:53 Elite Longbowman
36:26 Gold Shaft Mining
37:43 Two-Man Saw
36:41 Bodkin Arrow
36:46 Padded Archer Armor
Victor_Wembanyama
10:12 Feudal Age
11:19 Double-Bit Axe
13:59 Horse Collar
15:38 Fletching
16:39 Loom
22:06 Castle Age
22:28 Crossbowman
23:13 Thumb Ring
24:51 Wheelbarrow
24:29 Bow Saw
24:22 Heavy Plow
24:59 Padded Archer Armor
25:13 Gold Mining
28:57 Hand Cart
29:08 Bloodlines
28:59 Husbandry
31:45 Ballistics
31:24 Bodkin Arrow
31:44 Leather Archer Armor
33:53 Scale Barding Armor
35:13 Elite Skirmisher
35:57 Stone Mining
36:28 Forging
boythick69420
10:22 Feudal Age
17:15 Double-Bit Axe
20:27 Horse Collar
20:46 Gold Mining
22:41 Forging
21:58 Man-at-Arms
23:22 Scale Mail Armor
26:07 Stone Mining
27:01 Wheelbarrow
34:28 Castle Age
34:53 Long Swordsman
34:55 Pikeman
36:37 Iron Casting
36:19 Heavy Plow
SoyRock
5:43 Loom
12:06 Feudal Age
13:01 Double-Bit Axe
13:01 Horse Collar
15:55 Gold Mining
20:11 Fletching
22:54 Castle Age
22:42 Padded Archer Armor
24:02 Bow Saw
25:59 Heavy Plow
26:24 Elite Skirmisher
30:14 Bodkin Arrow
30:55 Stone Mining
31:48 Gold Shaft Mining
33:23 Squires
33:10 Gambesons
33:35 Scale Mail Armor
33:47 Forging
33:33 Bodkin Arrow
34:17 Stone Mining
36:22 Chain Mail Armor
Skibidi Bop
7:40 Loom
10:20 Feudal Age
20:34 Castle Age
18:31 Double-Bit Axe
18:30 Horse Collar
19:15 Gold Mining
19:56 Fletching
20:21 Padded Archer Armor
21:50 Bodkin Arrow
21:53 Elite Skirmisher
24:32 Leather Archer Armor
24:32 Man-at-Arms
24:59 Gambesons
25:15 Long Swordsman
30:16 Ballistics
30:06 Scale Mail Armor
30:41 Forging
31:50 Pikeman
33:24 Iron Casting
33:05 Chain Mail Armor
danimerinoruiz
10:54 Feudal Age
15:03 Castle Age
13:04 Double-Bit Axe
14:06 Horse Collar
14:43 Loom
20:47 Fletching
23:29 Wheelbarrow
25:17 Heavy Plow
25:57 Bow Saw
26:21 Gold Mining
26:22 Stone Mining
26:39 Caravan
26:25 Elite Skirmisher
27:11 Thumb Ring
27:11 Padded Archer Armor
27:58 Bodkin Arrow
28:19 Leather Archer Armor
31:34 Hand Cart
31:39 Hand Cart
34:52 Imperial Age
Connection lost

Rejoining the realm…

Still unreachable

The connection could not be restored.

Session expired

The server has moved on; the page needs a fresh start.